 Dungeon Crawl Stone Soup version 0.28.0 (webtiles) character file.

Game seed: 684233823944469962

415 SnakkuSnakku7 the Chiller (level 7, -5/44 (46) HPs)
             Began as a Formicid Ice Elementalist on Feb 8, 2022.
             Slain by a wight (17 damage)
             ... on level 4 of the Dungeon.
             The game lasted 00:07:35 (3857 turns).

SnakkuSnakku7 the Chiller (FoIE)                    Turns: 3857, Time: 00:07:35

HP:   -5/44 (46)    AC:  8    Str: 18    XL:     7   Next: 15%
MP:   20/20         EV: 12    Int: 17    God:
Gold: 115           SH:  0    Dex: 14    Spells: 5/12 levels left

rFire   . . .      SeeInvis +   a - +8 dagger "Bingo" {pain, Dex+3}
rCold   . . .      Faith    .   (no shield)
rNeg    . . .      Spirit   .   A - +3 leather armour
rPois   .          Reflect  .   (helmet unavailable)
rElec   .          Harm     .   (no cloak)
rCorr   .          Rampage  .   s - +1 pair of gloves
Will    .....                   (no boots)
Stlth   ++........              (no amulet)
HPRegen 0.14/turn               b - +6 ring of strength
MPRegen 0.17/turn               g - ring of magical power

@: lightly drained
A: permanent stasis, dig shafts and tunnels, antennae 3, four strong arms
a: Dig, Shaft Self


You were on level 4 of the Dungeon.
You visited 1 branch of the dungeon, and saw 5 of its levels.
You also visited: Ossuary.

You collected 115 gold pieces.

Inventory:

Hand Weapons
 a - the +8 dagger "Bingo" (weapon) {pain, Dex+3}
   (You found it on level 4 of the Dungeon)

   In the hands of one skilled in necromantic magic, it inflicts extra damage on
   living creatures.
   Dex:       It affects your dexterity (+3).
 c - a +1 dagger of speed
 j - a +0 short sword
Missiles
 e - 9 poisoned darts
Armour
 s - a +1 pair of gloves (worn)
 v - a +1 robe of fire resistance
 y - a +0 robe
 A - a +3 leather armour (worn)
 B - a +1 robe of cold resistance
Jewellery
 b - a +6 ring of strength (left hand)
 g - a ring of magical power (right hand)
 n - a ring of fire
Scrolls
 h - 2 scrolls of noise {unknown}
 i - 3 scrolls of identify {unknown}
 k - 3 scrolls of teleportation {unknown}
 l - a scroll of torment {unknown}
 m - 2 scrolls of fog {unknown}
 q - a scroll of vulnerability {unknown}
 r - a scroll of immolation {unknown}
 u - 3 scrolls of summoning {unknown}
 w - a scroll of enchant armour {unknown}
 x - a scroll of enchant weapon {unknown}
Potions
 d - a potion of curing {unknown}
 f - a potion of heal wounds {unknown}
 o - a potion of brilliance {unknown}
 p - a potion of attraction {unknown}
 t - a potion of invisibility {unknown}
 z - a potion of cancellation {unknown}


   Skills:
 - Level 1.7 Dodging
 - Level 2.4 Stealth
 - Level 3.0 Spellcasting
 + Level 4.7 Necromancy
 - Level 5.9 Ice Magic


You had 5 spell levels left.
You knew the following spells:

 Your Spells              Type           Power      Damage    Failure   Level
a - Freeze                Ice            88%        1d10      1%          1
b - Frozen Ramparts       Ice            44%        1d6       5%          3
c - Ozocubu's Armour      Ice            22%        N/A       5%          3

Your spell library contained the following spells:

 Spells                   Type           Power      Damage    Failure   Level
 Hailstorm                Conj/Ice       12%        3d5       52%         4
 Borgnjor's Revivificati  Necr           9%         N/A       100%        8
 Necromutation            Tmut/Necr      5%         N/A       100%        8
 Death's Door             Necr           9%         N/A       100%        9


Dungeon Overview and Level Annotations

Branches:
Dungeon (5/15)            Ossuary (visited)
 Temple: D:4-7

Altars:

Shops:
D:4 (


Innate Abilities, Weirdness & Mutations

You cannot be hasted, slowed, berserked, paralysed or teleported.
You can dig through walls and to a lower floor.
You have a pair of large antennae on your head. (SInv)
Your four strong arms can wield two-handed weapons with a shield.


Message History

The wight is lightly damaged.
The wight completely misses you.
You hit the wight.
The wight is heavily damaged.
The wight barely misses you.
You hit the wight.
The wight is severely damaged.
The wight hits you but does no damage.
You hit the wight.
You destroy the wight!
Your icy armour cracks and falls away as you move.
Things that are here:
a +0 mace; a +0 robe HP restored.
Magic restored.
There is a stone staircase leading up here.
There is a stone staircase leading down here.
You climb downwards.
There is a stone staircase leading up here.
The wight closely misses you.
You climb upwards.
There is a stone staircase leading down here.
Unknown command.
Casting: Ozocubu's Armour (dangerous; 5% risk of failure)
Confirm with . or Enter, or press ? or * to list all spells.
A film of ice covers your body!
The wight hits you with a +4 great sword.
Unknown command.
You closely miss the wight.
The wight hits you with a +4 great sword!
You hit the wight.
The wight is moderately damaged.
The wight hits you with a +4 great sword!
You feel drained.
* * * LOW HITPOINT WARNING * * *
Unknown command.
Your icy armour will break if you move.
Continue?
Your icy armour cracks and falls away as you move.
The wight hits you with a +4 great sword!
You die...

#.# #.<#
######.#######...#
#.# ###..# #......#
##.## #.####....#
#.###### #.#
#.<.##.#.## #.#
#.## ###.##.#.# #.#
#... #.##.#.# #.#
#.#< #.##.#.# #.#
###.#. #.##.#.##
#.# #.....
#.##..#.### #@##
#..... #....###..#
#z.# #.....
####......#.# ##.#
#.....
.....###.##.# #.#
#..... ###..#
#.##.# #.# ####..
..##.###.##.#####.#
##.
#.##.....##.......#
##
..####.##########.#
#.# #.##########.#
###########


You could see a wight.

Vanquished Creatures
  Blork the orc (D:4)
  3 wights (D:4)
  A hound (D:4)
  An orc priest (D:3)
  A centaur skeleton (D:4)
  An iguana (D:4)
  An orc wizard (D:3)
  An ufetubus (D:4)
  2 dart slugs
  11 orcs
  2 endoplasms (D:1)
  5 giant cockroaches
  7 goblins
  5 hobgoblins
  3 kobolds
  6 quokkas
  5 ball pythons
  9 bats
  3 frilled lizards
  2 rats
70 creatures vanquished.

Notes
Turn   | Place    | Note
-------+----------+-------------------------------------------
     0 | D:1      | SnakkuSnakku7 the Formicid Ice Elementalist began the quest
                  | for the Orb.
     0 | D:1      | Reached XP level 1. HP: 13/13 MP: 3/3
   115 | D:1      | Reached XP level 2. HP: 16/19 MP: 1/5
   422 | D:1      | Reached XP level 3. HP: 24/24 MP: 2/6
   588 | D:1      | Reached skill level 5 in Ice Magic
   634 | D:1      | Learned a level 3 spell: Frozen Ramparts
   818 | D:2      | Noticed a great orb of eyes
   821 | D:2      | Found a faded altar of an unknown god.
   823 | D:2      | Noticed a golden eye
   824 | D:2      | Noticed an eye of devastation
   824 | D:2      | Noticed a great orb of eyes
  1229 | D:4      | Found Wyulih's Antique Weapon Boutique.
  1361 | D:4      | Found a sand-covered staircase.
  1366 | Ossuary  | Entered an ossuary
  1456 | D:4      | Reached XP level 4. HP: 21/30 MP: 4/7
  1758 | D:3      | Identified the +0 leather armour "Moath" {Rampage rC+++
                  | Will- Stlth-}
  2079 | D:3      | Reached XP level 5. HP: 23/35 MP: 9/9
  2402 | D:4      | Noticed Blork the orc
  2427 | D:4      | Identified the +8 dagger "Bingo" {pain, Dex+3}
  2615 | D:4      | Reached skill level 1 in Necromancy
  2918 | D:5      | Entered Level 5 of the Dungeon
  2920 | D:5      | Reached XP level 6. HP: 41/41 MP: 10/10
  3022 | D:3      | Learned a level 3 spell: Ozocubu's Armour
  3273 | D:4      | Killed Blork the orc
  3718 | D:4      | Reached XP level 7. HP: 38/46 MP: 11/11
  3857 | D:4      | Slain by a wight

Illustrated notes

Levels and vault maps discovered:
D:1:      heliophobic_arrival_glass_houses, layout_basic, minmay_tetromino_s2
D:2:      layout_rooms, hellmonk_ecumenical_altar_watching_god
D:3:      layout_basic, kennysheep_generic_room_12
D:4:      layout_loops_ring, serial_shops, kennysheep_little_box,
          nicolae_ossuary_entry_plus, uniq_blork_the_orc
D:5:      minmay_chambers_of_fours, layout_cave_pools, serial_shops, shop_statue

Skill      XL: |  1  2  3  4  5  6 |
---------------+-------------------+-----
Ice Magic      | 5 |  5.9
Spellcasting   | 3 |  3.0
Necromancy     | 2 4 |  4.7
Dodging        | |  1.7
Stealth        | |  2.4

Action                   |  1- 3 |  4- 6 |  7- 9 || total
-------------------------+-------+-------+-------++-------
Melee: Unarmed           |    12 |       |       ||    12
       Short sword       |     7 |       |       ||     7
       Punch             |     1 |       |       ||     1
       Dagger            |       |    41 |     7 ||    48
 Cast: Freeze            |    60 |    35 |       ||    95
       Frozen Ramparts   |       |     3 |       ||     3
       Ozocubu's Armour  |       |     2 |     2 ||     4
 Abil: Dig               |     1 |       |       ||     1
 Stab: Sleeping          |       |     1 |       ||     1
Armor: Robe              |    14 |    14 |       ||    28
       Leather armour    |       |    17 |     2 ||    19
Dodge: Dodged            |    48 |    56 |     4 ||   108
